 Dungeon Crawl Stone Soup version 0.31-a0-145-g046c7d2549 (webtiles) character file.

Game seed: 6788845608157204932

5040 Conn the Firebug (level 10, -15/57 HPs)
             Began as an Octopode Fire Elementalist on June 4, 2023.
             Was a Believer of Sif Muna.
             Demolished by a two-headed ogre
             ... wielding a +0 giant club
              (20 damage)
             ... on level 8 of the Dungeon.
             The game lasted 00:18:23 (8690 turns).

Conn the Firebug (Octopode Fire Elementalist)       Turns: 8690, Time: 00:18:27

Health: -15/57     AC:  7    Str:  8    XL:     10   Next: 55%
Magic:  8/20       EV: 13    Int: 21    God:    Sif Muna [**....]
Gold:   458        SH:  0    Dex: 13    Spells: 7/23 levels left

rFire   . . .        z - staff of poison
rCold   . . .        (no shield)
rNeg    . . .        n - +2 hat
rPois   +            (no amulet)
rElec   .            g - +4 ring of protection
rCorr   .            p - ring of wizardry
SInv    .            (no ring)
Will    .....        (no ring)
Stlth   ++++         (no ring)
HPRegen 0.29/turn    (no ring)
MPRegen 0.17/turn    (no ring)
                     (no ring)

%: wizardry (x1)
@: no status effects
A: almost no armour, amphibious, 8 rings, camouflage 1, gelatinous body 1,
(nimble swimmer 1), tentacles
a: Renounce Religion, Channel Magic


You were on level 8 of the Dungeon.
You worshipped Sif Muna.
Sif Muna was pleased with you.
You visited 2 branches of the dungeon, and saw 9 of its levels.

You collected 458 gold pieces.

Inventory:

Hand Weapons
 b - a +0 dagger
 d - a +0 dagger of holy wrath
Missiles
 f - 25 poisoned darts
Armour
 n - a +2 hat (worn)
Magical Staves
 z - a staff of poison (weapon)
Jewellery
 g - a +4 ring of protection (left tentacle)
 p - a ring of wizardry (right tentacle)
Wands
 o - a wand of paralysis (4)
 t - a wand of iceblast (18)
 u - a wand of mindburst (20)
 v - a wand of polymorph (8)
 A - a wand of light (13)
 E - a wand of flame (23)
Scrolls
 k - a scroll of noise
 m - a scroll of amnesia
 q - 2 scrolls of teleportation
 r - a scroll of torment
 y - 2 scrolls of silence
 B - a scroll of immolation
 H - a scroll of magic mapping
Potions
 a - a potion of magic
 c - a potion of mutation {unknown}
 e - a potion of might
 h - 5 potions of enlightenment {unknown}
 i - 3 potions of haste {unknown}
 j - a potion of heal wounds {unknown}
 l - a potion of berserk rage {unknown}
 s - a potion of brilliance {unknown}
 w - a potion of resistance {unknown}
 x - a potion of curing {unknown}
 C - a potion of attraction {unknown}
 D - a potion of degeneration {unknown}
 F - a potion of cancellation {unknown}


   Skills:
 + Level 0.9 Fighting
 + Level 1.4 Short Blades
 + Level 1.0 Staves
 + Level 2.8 Dodging
 + Level 6.8 Stealth
 + Level 7.0 Spellcasting
 * Level 6.4 Conjurations
 + Level 2.0 Hexes
 + Level 7.7 Fire Magic
 + Level 4.0 Ice Magic
 * Level 5.9 Invocations
 + Level 1.7 Evocations


You had 7 spell levels left.
You knew the following spells:

 Your Spells              Type           Power      Damage    Failure   Level
a - Foxfire               Conj/Fire      100%       2x1d9     1%          1
b - Scorch                Fire           78%        2d8       1%          2
c - Inner Flame           Hex/Fire       27%        N/A       1%          3
d - Flame Wave            Conj/Fire      37%        2d10      1%          4
e - Ozocubu's Armour      Ice            24%        N/A       1%          3
f - Hailstorm             Conj/Ice       29%        3d8       1%          3

Your spell library contained the following spells:

 Spells                   Type           Power      Damage    Failure   Level
 Freeze                   Ice            96%        1d10      1%          1
 Frozen Ramparts          Ice            48%        1d8       1%          3
 Volatile Blastmotes      Fire/Tloc      46%        2d13      2%          3
 Ozocubu's Refrigeration  Ice            12%        4d10      99%         7


Dungeon Overview and Level Annotations

Branches:
Dungeon (8/15)             Temple (1/1) D:4
   Lair: D:8-11

Altars:
Cheibriados
Dithmenos
Fedhas
Hepliaklqana
Kikubaaqudgha
Makhleb
Nemelex Xobeh
Okawaru
Qazlal
Sif Muna
Uskayaw
Wu Jian
Xom
Yredelemnul
The Shining One

Shops:
D:7 *


Innate Abilities, Weirdness & Mutations

You cannot wear most types of armour.
You are amphibious.
You can wear up to eight rings at the same time.
Your skin changes colour to match your surroundings (Stealth+).
Your rubbery body absorbs attacks. (AC +1, EV +1)
((You are camouflaged when in or above water. (Stealth+)))
You have tentacles for arms and can constrict up to eight enemies at once.


Message History

Press: ? - help, Dir - look around, f - activate A wave of flame ripples out!
The flame wave engulfs the killer bee!
The killer bee is severely wounded. (Press . to intensify the flame waves.)
You hear an angry buzzing noise.
The killer bee stings you. The killer bee closely misses you.
A wave of flame ripples out!
The flame wave engulfs the killer bee!
You kill the killer bee!
Sif Muna accepts your kill.
A wave of flame ripples out!
The flame wave engulfs the two-headed ogre!
The two-headed ogre is moderately wounded.
You finish channelling waves of flame.
Casting: Flame Wave (dangerous; 1% risk of failure)
Confirm with . or Enter, or press ? or * to list all spells.
Flames lash the two-headed ogre.
The two-headed ogre is heavily wounded.
The two-headed ogre's fire resistance burns away.
A killer bee comes into view.
Casting: Scorch (safe; 1% risk of failure)
Confirm with . or Enter, or press ? or * to list all spells.
Casting: Flame Wave (dangerous; 1% risk of failure)
Press: ? - help, Dir - look around, f - activate A wave of flame ripples out!
The flame wave engulfs the two-headed ogre!!
The two-headed ogre is burned terribly!
The two-headed ogre is almost dead. (Press . to intensify the flame waves.)
The killer bee buzzes angrily.
The two-headed ogre hits you with a +0 giant club!!
Ouch! That really hurt!
The two-headed ogre misses you.
A wave of flame ripples out!
The flame wave engulfs the two-headed ogre.
The two-headed ogre is burned terribly!
The two-headed ogre is almost dead.
The two-headed ogre hits you with a +0 giant club!!
* * * LOW HITPOINT WARNING * * *
The two-headed ogre hits you with a +0 giant spiked club!!
You die...

........).).'.........))).)......
.#..........####......#######)...
##.#.......## #..##### #.#.#
...##.....## #.## #.###
######...## #.# #.# ## ##+## #.#
#.# . #y# #.# # #†# ..# #### .
#@# .# ...# .. #O#
##.##.....######.#
..........Oy)).†.#
##.###....)#####.# ..........#
#.## ######...# #..### # #..#
##...# ######..# #######.##


You could see a two-headed ogre (combustible) and a killer bee.

Vanquished Creatures
  A centaur warrior (D:8)
  A two-headed ogre (D:7)
  A cyclops (D:8)
  Prince Ribbit (D:7)
  Menkaure (D:5)
  4 water moccasins
  4 orc warriors
  2 black bears
  An ogre (D:5)
  A centaur (D:7)
  A phantom (D:6)
  2 kobold brigands (D:7)
  Blork the orc (D:5)
  3 bullfrogs
  2 scorpions
  4 wights (D:7)
  8 killer bees (D:8)
  A howler monkey (D:8)
  3 jellies
  2 gnoll boudas (D:7)
  3 hounds
  2 orc priests
  Ijyb (D:5)
  2 iguanas (D:6)
  7 orc wizards
  4 sleepcaps
  Robin (D:2)
  4 adders
  9 gnolls (D:7)
  2 shadow imps
  A white imp (D:6)
  A worm (D:3)
  2 dart slugs
  20 orcs
  7 endoplasms
  4 giant cockroaches
  16 goblins
  5 hobgoblins
  2 quokkas
  2 ball pythons
  6 bats
  16 kobolds
161 creatures vanquished.

Vanquished Creatures (collateral kills)
  2 foxfires (D:3)
2 creatures vanquished.

Vanquished Creatures (others)
  489 foxfires
489 creatures vanquished.

Grand Total: 652 creatures vanquished

Notes
Turn   | Place    | Note
-------+----------+-------------------------------------------
     0 | D:1      | Conn the Octopode Fire Elementalist began the quest for the
                  | Orb.
     0 | D:1      | Reached XP level 1. HP: 11/11 MP: 3/3
    77 | D:1      | Reached XP level 2. HP: 17/17 MP: 0/5
   861 | D:1      | Reached XP level 3. HP: 21/21 MP: 6/6
  1059 | D:2      | You fall into a shaft and drop 2 floors!
  1078 | D:4      | Noticed a scorpion
  1087 | D:4      | Killed a scorpion
  1088 | D:4      | Reached XP level 4. HP: 27/27 MP: 4/8
  1091 | D:4      | Learned a level 2 spell: Scorch
  1095 | D:4      | Learned a level 3 spell: Inner Flame
  1480 | D:2      | Noticed Robin
  1769 | D:2      | Killed Robin
  1770 | D:2      | Reached XP level 5. HP: 31/31 MP: 3/9
  2957 | D:4      | Found a staircase to the Ecumenical Temple.
  2966 | Temple   | Entered the Ecumenical Temple
  2995 | Temple   | Became a worshipper of Sif Muna the Loreminder
  3611 | D:5      | Entered Level 5 of the Dungeon
  3611 | D:5      | Noticed a black bear
  3631 | D:5      | Noticed Blork the orc
  3637 | D:5      | Killed Blork the orc
  3638 | D:5      | Reached skill level 5 in Stealth
  3638 | D:5      | Reached XP level 6. HP: 36/36 MP: 1/10
  3850 | D:5      | Noticed Ijyb
  3863 | D:5      | Killed Ijyb
  4025 | D:5      | Noticed a water moccasin
  4037 | D:5      | Killed a water moccasin
  4038 | D:5      | Reached XP level 7. HP: 24/41 MP: 0/12
  4057 | D:6      | Reached skill level 1 in Short Blades
  4057 | D:6      | Reached skill level 5 in Fire Magic
  4070 | D:6      | Reached skill level 1 in Invocations
  4171 | D:5      | Learned a level 4 spell: Flame Wave
  4175 | D:5      | Learned a level 3 spell: Ozocubu's Armour
  4788 | D:5      | Noticed Menkaure
  4796 | D:5      | Killed Menkaure
  4797 | D:5      | Reached skill level 1 in Ice Magic
  4797 | D:5      | Reached XP level 8. HP: 21/47 MP: 7/14
  5273 | D:6      | Reached * piety under Sif Muna
  5511 | D:6      | Found a hazy altar of Hepliaklqana.
  5511 | D:6      | Found a shadowy altar of Dithmenos.
  5511 | D:6      | Found a basalt altar of Yredelemnul.
  5516 | D:6      | Found an ornate altar of the Wu Jian Council.
  5522 | D:6      | Reached skill level 1 in Evocations
  5522 | D:6      | Found a snail-covered altar of Cheibriados.
  5524 | D:6      | Found a stormy altar of Qazlal.
  5526 | D:6      | Found an ancient bone altar of Kikubaaqudgha.
  5527 | D:6      | Found a sparkling altar of Nemelex Xobeh.
  5529 | D:6      | Found a shimmering altar of Xom.
  5532 | D:6      | Found a burning altar of Makhleb.
  5534 | D:6      | Found a hide-covered altar of Uskayaw.
  6186 | D:7      | Noticed a two-headed ogre
  6201 | D:7      | Killed a two-headed ogre
  6202 | D:7      | Reached skill level 5 in Spellcasting
  6202 | D:7      | Reached XP level 9. HP: 52/52 MP: 6/17
  6359 | D:7      | Found Wupnolio's Mass Market.
  6738 | D:7      | Reached skill level 5 in Conjurations
  7110 | D:7      | Noticed Prince Ribbit
  7118 | D:7      | Killed Prince Ribbit
  7268 | D:7      | Learned a level 3 spell: Hailstorm
  7869 | D:8      | Reached skill level 5 in Invocations
  7871 | D:8      | Reached ** piety under Sif Muna
  7885 | D:8      | Reached XP level 10. HP: 57/57 MP: 0/19
  8134 | D:8      | Reached skill level 1 in Hexes
  8137 | D:8      | Reached skill level 1 in Staves
  8144 | D:8      | Noticed a centaur warrior
  8155 | D:8      | Killed a centaur warrior
  8211 | D:8      | Noticed a cyclops
  8279 | D:8      | Killed a cyclops
  8585 | D:8      | Noticed a two-headed ogre
  8690 | D:8      | Demolished by a two-headed ogre

Illustrated notes

Levels and vault maps discovered:
D:1:      denvon_arrival_planthouse, layout_basic, serial_park_tiny_1
D:2:      layout_loops_ring, uniq_robin
D:3:      layout_loops_cross, minmay_hedge_maze, chequers_garden,
          minmay_misc_feat_chi
D:4:      layout_cave_pods, minmay_temple_entry_ruins
D:5:      layout_basic, serial_corexii_hall, corexii_hall_statues_x,
          chequers_hall_statues_wall_a, corexii_hall_statues_i,
          corexii_hall_statues_l, palyth_stone_intersect,
          nicolae_fountain_basement, uniq_ijyb, uniq_menkaure,
          uniq_blork_the_orc
D:6:      layout_cave_pools, nicolae_overflow_hallway_of_the_gods,
          kennysheep_decorative_pillar, minmay_misc_feat_iff,
          minmay_tree_intersection, minmay_between
D:7:      layout_cave_pods, solitary_fountain, minmay_shop_mass,
          uniq_prince_ribbit1
D:8:      minmay_opposing_rooms, layout_loops_corners
Temple:   jpeg_temple_clearing

Skill      XL: |  1  2  3  4  5  6  7  8  9 10 |
---------------+-------------------------------+-----
Stealth        | 3 4 5 6 |  6.8
Fire Magic     | 4 5 6 7 |  7.7
Spellcasting   | 3 4 5 6 7 |  7.0
Conjurations   | 2 3 4 5 6 |  6.4
Short Blades   | 1 |  1.4
Invocations    | 2 3 5 |  5.9
Ice Magic      | 1 2 3 4 |  4.0
Evocations     | 1 |  1.7
Hexes          | 2 |  2.0
Staves         | 1 |  1.0
Fighting       | |  0.9
Dodging        | |  2.8

Action                     |  1- 3 |  4- 6 |  7- 9 | 10-12 || total
---------------------------+-------+-------+-------+-------++-------
  Melee: Dagger            |    18 |    30 |    10 |       ||    58
         Constrict         |     6 |     8 |     4 |     4 ||    22
         Tentacles         |     5 |     5 |     8 |     8 ||    26
         Unarmed           |     1 |       |       |       ||     1
         Punch             |     1 |       |     1 |       ||     2
         Staff             |       |       |     7 |    18 ||    25
   Cast: Foxfire           |    22 |    77 |   164 |    18 ||   281
         Scorch            |       |     5 |    35 |     9 ||    49
         Inner Flame       |       |     2 |    10 |     4 ||    16
         Flame Wave        |       |       |     1 |     7 ||     8
         Ozocubu's Armour  |       |       |       |     3 ||     3
 Invoke: Channel Magic     |       |       |       |     1 ||     1
  Evoke: Wand              |       |     1 |     5 |       ||     6
    Use: Scroll            |       |       |     8 |     1 ||     9
         Potion            |       |       |     1 |       ||     1
   Stab: Sleeping          |     4 |    12 |     1 |     3 ||    20
 Armour: Skin              |     2 |     6 |    13 |     9 ||    30
  Dodge: Dodged            |     5 |    14 |    32 |    32 ||    83

Table legend: (Time is in decaauts)
 A = Elapsed time spent in this place.
 B = Non-inter-level travel time spent in this place.
 C = Inter-level travel time spent in this place.
 D = Time resting spent in this place.
 E = Time spent auto-exploring this place.
 F = Levels seen in this place.
 G = Mean time per level.
                   A        B        C        D        E       F      G
               +--------+--------+--------+--------+--------+-----+--------+
         Total |   8693 |   8491 |    202 |    331 |   6476 |   9 |  965.9 |
       Dungeon |   8647 |   8461 |    186 |    331 |   6461 |   8 | 1080.9 |
        Temple |     45 |     29 |     16 |      0 |     15 |   1 |   45.0 |
               +--------+--------+--------+--------+--------+-----+--------+

Top non-repeatable levels by time:
     D:7: 1678 daAuts
     D:5: 1347 daAuts
     D:6: 1143 daAuts
     D:1: 1025 daAuts
     D:4: 989 daAuts
     D:2: 854 daAuts
     D:8: 835 daAuts
     D:3: 773 daAuts
  Temple: 45 daAuts
